 Dungeon Crawl Stone Soup version 0.29-a0-23-ga79f92ac9c (webtiles) character file.

Game seed: 4992499100143325174

58 Lekart the Skirmisher (level 3, -1/33 HPs)
             Began as a Draconian Abyssal Knight on Jan 30, 2022.
             Was a Believer of Lugonu.
             Slain by an orc priest (4 damage)
             ... on level 2 of the Dungeon.
             The game lasted 00:03:12 (1462 turns).

Lekart the Skirmisher (Draconian Abyssal Knight)    Turns: 1462, Time: 00:03:13

Health: -1/33      AC:  5    Str: 15    XL:     3   Next: 76%
Magic:  5/5        EV: 12    Int: 10    God:    Lugonu [**....]
Gold:   77         SH:  0    Dex: 13    Spells: 2/2 levels left

rFire   . . .      SeeInvis .   a - +1 falchion
rCold   . . .      Faith    .   (no shield)
rNeg    . . .      Spirit   .   (armour unavailable)
rPois   .          Reflect  .   (helmet restricted)
rElec   .          Harm     .   (no cloak)
rCorr   .          Rampage  .   (no gloves)
Will    .....                   (no boots)
Stlth   +.........              (no amulet)
HPRegen 0.11/turn               (no ring)
MPRegen 0.09/turn               (no ring)

@: slowed, very slow
A: AC +5, unfitting armour, cold-blooded
a: Renounce Religion, Depart the Abyss, Bend Space


You were on level 2 of the Dungeon.
You worshipped Lugonu.
Lugonu was pleased with you.
You visited 1 branch of the dungeon, and saw 2 of its levels.
You visited the Abyss 1 time.

You collected 77 gold pieces.

Inventory:

Hand Weapons
 a - a +1 falchion (weapon)
Scrolls
 g - a scroll of teleportation
Potions
 b - 2 potions of curing
 c - a potion of heal wounds {unknown}
 d - 2 potions of attraction {unknown}
 e - a potion of lignification {unknown}
 f - a potion of degeneration {unknown}


   Skills:
 + Level 4.0 Fighting
 + Level 2.6 Long Blades
 + Level 2.6 Dodging
 * Level 2.7 Invocations


You had 2 spell levels left.
You didn't know any spells.
Your spell library was empty.

Dungeon Overview and Level Annotations

Branches:
Dungeon (2/15)

Altars:

Annotations:
D:2 Terence


Innate Abilities, Weirdness & Mutations

Your plain brown scales are hard. (AC +5)
You cannot fit into any form of body armour.
You are cold-blooded and may be slowed by cold attacks.


Message History

You slash the orc!
You kill the orc!
Lugonu accepts your kill. The endoplasm closely misses you.
You hit the endoplasm.
The endoplasm is almost dead.
The endoplasm freezes you.
You are frozen.
You feel yourself slow down. The orc priest hits you with a +0 club.
You are too injured to fight recklessly!
You are too injured to fight recklessly!
You are too injured to fight recklessly!
You hit the orc priest but do no damage.
The endoplasm jiggles.
The endoplasm closely misses you. The orc priest closely misses you.
A dart slug comes into view.
You closely miss the orc priest.
You feel yourself speed up. The endoplasm freezes you.
You are frozen.
The orc priest barely misses you. The endoplasm barely misses you.
The orc priest looks satisfied for a moment.
You hit the orc priest.
The orc priest is moderately wounded.
The endoplasm freezes you.
You are frozen.
* * * LOW HITPOINT WARNING * * *
You feel yourself slow down. The orc priest barely misses you.
You closely miss the orc priest.
Your tail-slap misses the orc priest.
The orc priest is moderately wounded.
The endoplasm freezes you.
You are frozen.
* * * LOW HITPOINT WARNING * * *
The orc priest barely misses you. The endoplasm freezes you.
You are frozen.
* * * LOW HITPOINT WARNING * * *
You feel as though you will be slow longer.
The orc priest hits you with a +0 club.
You die...

. .### ###.. .#...#
#...#. #.....#
#.....#
.......#####)......
.....#..#..#.....
.#...#...#w.)#...
...# #...#J#...#
..#..#..#.@o#..#
#...###.....###.
#### ..#..#.....#
.# #...
...#...#..[..#...
#...
......#.#...#.#..
....#
.....#...#.#...#.
.#
.................
#.#..#
....####.....#...
#..... ###
#.#.#.#.. #....#


You could see an orc priest, a dart slug and an endoplasm.

Vanquished Creatures
  An adder (D:2)
  4 orcs (D:2)
  2 ball pythons (D:1)
  4 bats (D:1)
  3 endoplasms
  A giant cockroach (D:2)
  4 hobgoblins
  7 jackals (D:2)
  A quokka (D:2)
  2 frilled lizards (D:1)
  2 goblins (D:1)
  6 kobolds
  5 rats
42 creatures vanquished.

Notes
Turn   | Place    | Note
-------+----------+-------------------------------------------
     0 | Abyss:1  | Lekart the Draconian Abyssal Knight began the quest for the
                  | Orb.
     0 | Abyss:1  | Reached XP level 1. HP: 19/19 MP: 2/2
    26 | D:1      | Escaped the Abyss
   249 | D:1      | Reached XP level 2. HP: 22/26 MP: 3/3
   530 | D:1      | Found a faded altar of an unknown god.
   602 | D:1      | Reached ** piety under Lugonu
  1096 | D:2      | Reached XP level 3. HP: 32/33 MP: 4/4
  1161 | D:2      | Noticed Terence
  1402 | D:2      | Reached skill level 4 in Fighting
  1462 | D:2      | Slain by an orc priest

Illustrated notes

Levels and vault maps discovered:
D:1:      zaba_arrival_water, layout_loops_ring,
          shapermc_ecumenical_altar_mp_urbaneastern
D:2:      layout_loops_ring, serial_rivers, chequers_serial_rivers_large_a,
          chequers_serial_rivers_room_b, chequers_serial_rivers_micro_e,
          chequers_serial_rivers_small_b, chequers_serial_rivers_micro_e,
          chequers_serial_rivers_room_b, minmay_splitting_lines, uniq_terence

Skill      XL: |  1  2  3 |
---------------+----------+-----
Fighting       | 4 |  4.0
Long Blades    | |  2.6
Dodging        | |  2.6
Invocations    | |  2.7

Action                   || total
-------------------------++-------
Melee: Falchion          ||   116
       Tailslap          ||    10
       Punch             ||     1
Invok: Bend Space        ||     1
  Use: Scroll            ||     2
 Stab: Distracted        ||     1
Armor: Skin              ||    38
Dodge: Dodged            ||    87

Table legend: (Time is in decaauts)
 A = Elapsed time spent in this place.
 B = Non-inter-level travel time spent in this place.
 C = Inter-level travel time spent in this place.
 D = Time resting spent in this place.
 E = Time spent auto-exploring this place.
 F = Levels seen in this place.
 G = Mean time per level.
                   A        B        C        D        E       F      G
               +--------+--------+--------+--------+--------+-----+--------+
         Total |   1498 |   1481 |     17 |    103 |   1049 |   3 |  499.3 |
       Dungeon |   1472 |   1455 |     17 |    103 |   1029 |   2 |  736.0 |
         Abyss |     26 |     26 |      0 |      0 |     20 |   1 |   26.0 |
               +--------+--------+--------+--------+--------+-----+--------+

Top non-repeatable levels by time:
     D:1: 969 daAuts
     D:2: 503 daAuts
 Abyss:1: 26 daAuts
